 Dungeon Crawl Stone Soup version 0.26-b1-52-g61e05abef2 (webtiles) character file.

Game seed: 7483347720196742373

908 DildoBatman the Magician (level 8, -9/56 HPs)
             Began as a Formicid Conjurer on Jan 7, 2021.
             Mangled by a wyvern (17 damage)
             ... on level 8 of the Dungeon.
             The game lasted 00:18:54 (5095 turns).

DildoBatman the Magician (Formicid Conjurer)        Turns: 5095, Time: 00:18:54

Health: -9/56      AC:  3    Str: 12    XL:     8   Next: 29%
Magic:  12/18      EV: 12    Int: 20    God:
Gold:   239        SH:  0    Dex:  9    Spells: 15/21 levels left

rFire    . . .     SeeInvis +   a - +1 hunting sling (vorpal)
rCold    . . .     Faith    .   (no shield)
rNeg     . . .     Spirit   .   f - +0 robe
rPois    .         Reflect  .   (helmet unavailable)
rElec    .         Harm     .   (no cloak)
rCorr    .         Rampage  .   n - +0 pair of gloves
Will     .....                  (no boots)
Stlth    ++........             m - amulet of magic regeneration
HPRegen  0.18/turn              (no ring)
MPRegen  0.41/turn              (no ring)

@: lethally poisoned (-9 -> -13)
A: permanent stasis, dig shafts and tunnels, four strong arms, antennae 3
a: Dig, Shaft Self


You were on level 8 of the Dungeon.
You visited 2 branches of the dungeon, and saw 9 of its levels.
You also visited: Sewer.

You collected 239 gold pieces.

Inventory:

Hand Weapons
 a - a +1 vorpal hunting sling (weapon)
 b - a +4 dagger
 i - a +0 whip of venom
Missiles
 d - 47 bolts
 g - 20 sling bullets
 h - 195 stones (quivered ammo)
 q - 56 arrows
 r - 16 poisoned darts
 w - 5 atropa-tipped darts
Armour
 f - a +0 robe (worn)
 n - a +0 pair of gloves (worn)
Jewellery
 m - an amulet of magic regeneration (around neck)
Scrolls
 k - a scroll of remove curse {unknown}
 o - 2 scrolls of fog {unknown}
 p - a scroll of noise {unknown}
 z - a scroll of identify
Potions
 c - 2 potions of might
 e - 2 potions of ambrosia {unknown}
 j - 2 potions of magic
 l - 2 potions of curing
 s - a potion of heal wounds {unknown}
 t - a potion of invisibility {unknown}
 u - 2 potions of cancellation


   Skills:
 * Level 2.0 Fighting
 * Level 2.0 Armour
 * Level 1.7 Dodging
 - Level 2.4 Stealth
 - Level 7.0 Spellcasting
 - Level 6.0 Conjurations


You had 15 spell levels left.
You knew the following spells:

 Your Spells              Type           Power        Failure   Level
a - Searing Ray           Conj           62%          1%          2
b - Dazzling Flash        Conj/Hex       38%          9%          3
c - Magic Dart            Conj           100%         1%          1

Your spell library contained the following spells:

 Spells                   Type           Power        Failure   Level
 Fulminant Prism          Conj/Hex       9%           26%         4
 Iskenderun's Mystic Bla  Conj/Tloc      19%          26%         4


Dungeon Overview and Level Annotations

Branches:
Dungeon (8/15)             Temple (1/1) D:4           Sewer (visited)
   Lair: D:8-11

Altars:
Ashenzari
Cheibriados
Dithmenos
Elyvilon
Fedhas
Gozag
Hepliaklqana
Makhleb
Nemelex Xobeh
Okawaru
Qazlal
Ru
Sif Muna
Trog
Uskayaw
Vehumet
Wu Jian
Xom
Yredelemnul
Zin
The Shining One

Annotations:
D:4 Pikel
D:7 exclusions: bullfrog, centaur, howler monkey, ice beast, ogre, orc wizard, phantom, 7 sensed monsters (detected), steam dragon and 2 wights, Menkaure


Innate Abilities, Weirdness & Mutations

You cannot be hasted, slowed, berserked, paralysed or teleported.
You can dig through walls and to a lower floor.
Your four strong arms can wield two-handed weapons with a shield.
You have a pair of large antennae on your head. (SInv)


Message History

The searing ray hits the wyvern!
The wyvern is severely wounded.
The searing ray hits the howler monkey!
You kill the howler monkey!
You finish channeling your searing ray.
You feel sick. The wyvern bites you.
Training target 7.0 for Spellcasting reached!
Your Spellcasting skill increases to level 7!
You need to enable at least one skill for training.
Casting: Searing Ray (safe; 1% risk of failure)
Confirm with . or Enter, or press ? or * to list all spells.
Aiming: Searing Ray (safe; 1% risk of failure)
Press: ? - help, Shift-Dir - straight line The searing ray hits the wyvern!
The wyvern is almost dead. (Press . to maintain the ray.)
The wyvern bites you!! The wyvern bites you!
You die...

. . ..# ##. .#..
##h# #..# { #..#
#..#
##.####.###########
##.................#
#.#......Z......{#
<#..###.####h#####
.#.##........#†l@#
......#.......####
...#..#...?..##
###......#..##
..##....h..
###....{. #......
...[.. ....


You could see a wyvern.

Vanquished Creatures
  Purgy (Sewer)
  A black bear (D:6)
  A centaur (D:7)
  A scorpion (D:6)
  2 howler monkeys (D:8)
  2 orc priests
  A gnoll shaman (D:6)
  5 worker ants
  An orc wizard (D:6)
  7 gnolls
  7 adders
  3 river rats (D:3)
  A shadow imp (D:7)
  A white imp (D:8)
  An ooze (D:3)
  An adder skeleton (D:6)
  4 worms
  6 leopard geckos
  8 orcs
  10 bats
  4 giant cockroaches
  7 goblins
  10 hobgoblins
  5 jackals
  8 kobolds
  3 quokkas
  2 frilled lizards
  9 rats
112 creatures vanquished.

Vanquished Creatures (others)
  9 fungi (D:8)
  17 plants (D:8)
26 creatures vanquished.

Grand Total: 138 creatures vanquished

Notes
Turn   | Place    | Note
-------+----------+-------------------------------------------
     0 | D:1      | DildoBatman the Formicid Conjurer began the quest for the
                  | Orb.
     0 | D:1      | Reached XP level 1. HP: 13/13 MP: 3/3
   397 | D:1      | Reached XP level 2. HP: 10/19 MP: 0/5
   750 | D:1      | Reached XP level 3. HP: 24/24 MP: 1/6
   754 | D:1      | Learned a level 2 spell: Searing Ray
  1115 | D:2      | Reached XP level 4. HP: 30/30 MP: 4/7
  1191 | D:2      | Found a faded altar of an unknown god.
  1346 | D:2      | Reached skill level 5 in Conjurations
  1743 | D:3      | Reached XP level 5. HP: 19/35 MP: 3/8
  1908 | D:3      | Learned a level 3 spell: Dazzling Flash
  2055 | D:3      | Found a glowing drain.
  2077 | D:3      | Reached XP level 6. HP: 42/42 MP: 5/9
  2096 | Sewer    | Entered a sewer
  2114 | Sewer    | Reached skill level 1 in Fighting
  2118 | Sewer    | Reached skill level 1 in Armour
  2181 | Sewer    | Noticed Purgy
  2193 | Sewer    | Killed Purgy
  2350 | D:3      | Reached skill level 3 in Spellcasting
  2642 | D:4      | Found a staircase to the Ecumenical Temple.
  2650 | Temple   | Entered the Ecumenical Temple
  2876 | D:4      | Found a basalt altar of Yredelemnul.
  2940 | D:4      | Found a shadowy altar of Dithmenos.
  2940 | D:4      | Noticed Pikel
  3061 | D:5      | Entered Level 5 of the Dungeon
  3175 | D:6      | Reached XP level 7. HP: 36/50 MP: 9/12
  3445 | D:6      | Reached skill level 4 in Spellcasting
  3674 | D:6      | Reached skill level 5 in Spellcasting
  3975 | D:7      | Noticed a steam dragon
  4060 | D:7      | Found a shimmering altar of Xom.
  4061 | D:7      | Found a shimmering altar of Xom.
  4823 | D:7      | Reached skill level 6 in Spellcasting
  4823 | D:7      | Reached XP level 8. HP: 19/56 MP: 11/17
  5036 | D:7      | Noticed Menkaure
  5071 | D:8      | Found an opulent altar of Gozag.
  5071 | D:8      | Found a snail-covered altar of Cheibriados.
  5071 | D:8      | Found a broken altar of Ashenzari.
  5071 | D:8      | Found a sacrificial altar of Ru.
  5091 | D:8      | Noticed a wyvern
  5095 | D:8      | Reached skill level 7 in Spellcasting
  5095 | D:8      | Mangled by a wyvern

Illustrated notes

Levels and vault maps discovered:
D:1:      lightli_arrival_statue_moat, layout_basic, st_stairs_8
D:2:      layout_loops_ring, chequers_ecumenical_altar_island, minmay_3d_cube
D:3:      layout_loops_ring, portal_sewer_entry_b, moated_statue
D:4:      layout_cave_pools, lemuel_round_altar, minmay_temple_entry_large_hall,
          grunt_dithmenos_shadows, uniq_pikel
D:5:      layout_gridville, st_stairs_13
D:6:      layout_loops_ring
D:7:      layout_basic, xom_redecorated, serial_shops, kennysheep_mini_moat,
          uniq_menkaure
D:8:      layout_rooms, chequers_temple_overflow_statue_of_worship,
          kiku_gazebo_garden_becter, due_lair_maze_entry_diamond, serial_shops,
          kennysheep_mini, shop, shop, shop, minmay_misc_feat_rugged
Temple:   regret_index_temple_generic_petals

Skill      XL: |  1  2  3  4  5  6  7  8 |
---------------+-------------------------+-----
Conjurations   | 4 5 6 |  6.0
Fighting       | 2 |  2.0
Armour         | 2 |  2.0
Spellcasting   | 3 6 7 |  7.0
Dodging        | |  1.7
Stealth        | |  2.4

Action                   |  1- 3 |  4- 6 |  7- 9 || total
-------------------------+-------+-------+-------++-------
Melee: Dagger            |    12 |       |       ||    12
       Club              |     1 |       |       ||     1
 Fire: Hunting sling     |       |    14 |     7 ||    21
 Cast: Magic Dart        |    57 |    46 |    17 ||   120
       Searing Ray       |       |    29 |    23 ||    52
 Abil: Dig               |     2 |    14 |     3 ||    19
  Use: Scroll            |       |     4 |     4 ||     8
 Stab: Sleeping          |     2 |       |       ||     2
Armor: Robe              |     5 |     4 |     2 ||    11
Dodge: Dodged            |    17 |    14 |     6 ||    37
